 Dungeon Crawl Stone Soup version bcrawl-1.21.3-2-g9d8a61a446 (webtiles) character file.

Game seed: 5789083958038022328

102 orehx the Cudgeler (level 4, -4/38 HPs)
             Began as a Minotaur Archaeologist on Apr 24, 2020.
             Slain by a sky beast (6 damage)
             ... on level 3 of the Dungeon.
             The game lasted 00:05:01 (2159 turns).

orehx the Cudgeler (Minotaur Archaeologist)         Turns: 2159, Time: 00:05:01

Health: -4/38      AC:  8    Str: 16    XL:     4   Next: 50%
Magic:  3/3        EV: 11    Int: 11    God:
Gold:   69         SH:  0    Dex:  9    Spells: 3/3 levels left

rFire    . . .     SeeInvis .   n - +0 flail
rCold    . . .     Gourm    .   (no shield)
rNeg     . . .     Faith    .   l - +0 ring mail
rPois    .         Spirit   .   c - +1 hat
rElec    .         Reflect  .   (no cloak)
rCorr    +         Harm     .   (no gloves)
MR       .....                  d - +1 pair of boots
Stlth    +.........             (no amulet)
HPRegen  0.12/turn              k - ring of resist corrosion
MPRegen  0.08/turn              (no ring)

@: no status effects
A: retaliatory headbutt, horns 2
a: no special abilities


You were on level 3 of the Dungeon.
You were hungry.

You visited 1 branch of the dungeon, and saw 3 of its levels.

You collected 69 gold pieces.

Inventory:

Hand Weapons
 a - a +0 whip
 n - a +0 flail (weapon)
Missiles
 p - 63 needles of confusion (quivered)
Armour
 b - a +1 robe
 c - a +1 hat (worn)
 d - a +1 pair of boots (worn)
 l - a +0 ring mail (worn)
Jewellery
 k - a ring of resist corrosion (left hand)
Scrolls
 g - a scroll of magic mapping
 i - a scroll of identify
Potions
 e - a potion of flight {unknown}
 j - 2 potions of agility {unknown}
 m - a potion of lignification {unknown}
Miscellaneous
 f - a dusty tome


   Skills:
 + Level 3.3 Fighting
 * Level 4.2 Maces & Flails
 - Level 0.3 Armour
 - Level 3.2 Dodging
 - Level 2.6 Stealth


You had 3 spell levels left.
You didn't know any spells.
Your spell library was empty.

Dungeon Overview and Level Annotations

Branches:
Dungeon (3/12)

Altars:


Innate Abilities, Weirdness & Mutations

You reflexively headbutt those who attack you in melee.
You have a pair of horns on your head.


Message History

Reactivating autopickup.
You open the door.
Found an escape hatch in the floor.
There is an open door here.
There is an open door here.
The sky beast flickers out of sight!
Deactivating autopickup; reactivate with Ctrl-A.
Something hits you but does no damage.
There is an open door here.
Something is blocking the doorway!
Something hits you.
* * * LOW HITPOINT WARNING * * *
Something shocks you.
* * * LOW HITPOINT WARNING * * *
There isn't anything here!
You hit something. Something hits you but does no damage.
You hit something. Something hits you but does no damage.
You closely miss something. Something hits you.
* * * LOW HITPOINT WARNING * * *
Something shocks you.
You die...

#.. #..##########
###...#.......#
.....#.>.....# #
#...#........
#.#...#........
###.#...##..(##
........@{....+
#.........##...##
#.........##...#
#..............# .
#...#####≈.....# ..
#...#####......## ..!
.. +...............#
.... ...
###........###+#.....
....
#....................


There were no monsters in sight!

Vanquished Creatures
  A worker ant (D:2)
  3 adders
  An ooze (D:2)
  A worm (D:2)
  3 leopard geckos
  5 bats
  A giant cockroach (D:2)
  7 goblins
  7 hobgoblins
  4 jackals (D:2)
  A ball python (D:3)
  4 frilled lizards (D:1)
  2 kobolds
  3 rats (D:1)
43 creatures vanquished.

Notes
Turn   | Place    | Note
-------+----------+-------------------------------------------
     0 | D:1      | orehx the Minotaur Archaeologist began the quest for the
                  | Orb.
     0 | D:1      | Reached XP level 1. HP: 16/16 MP: 0/0
   254 | D:1      | Reached XP level 2. HP: 17/24 MP: 1/1
   388 | D:1      | Reached skill level 2 in Maces & Flails
  1061 | D:2      | Reached XP level 3. HP: 11/30 MP: 2/2
  1588 | D:2      | Reached skill level 3 in Maces & Flails
  1867 | D:2      | Reached XP level 4. HP: 38/38 MP: 3/3
  1942 | D:3      | Reached skill level 4 in Maces & Flails
  2063 | D:3      | Noticed a sky beast
  2159 | D:3      | Slain by a sky beast

Skill      XL: |  1  2  3  4 |
---------------+-------------+-----
Fighting       | 2 3 |  3.3
Maces & Flails | 2 3 4 |  4.2
Armour         | |  0.3
Dodging        | |  3.2
Stealth        | |  2.6

Action                   |  1- 3 |  4- 6 || total
-------------------------+-------+-------++-------
Melee: Whip              |    80 |       ||    80
       Headbutt          |     8 |     1 ||     9
       Flail             |    37 |    21 ||    58
  Use: Scroll            |       |     2 ||     2
  Eat: Ration            |     1 |       ||     1
Armor: Robe              |    20 |       ||    20
       Ring mail         |    35 |    20 ||    55
Dodge: Dodged            |    74 |    11 ||    85
